[Event "Pearl Spring Chess Tournament"]
[Site "Nanjing/China"]
[Date "2010.10.29"]
[Round "9"]
[White "Gashimov, Vugar"]
[Black "Anand, Viswanathan"]
[Result "1/2-1/2"]
[ECO "C67"]
[WhiteElo "2719"]
[BlackElo "2800"]
[Annotator "Romain Edouard"]
[PlyCount "83"]
[EventDate "2010.??.??"]
[TimeControl "40/7200:20/3600:900+30"]

1. e4 e5 2. Nf3 Nc6 3. Bb5 Nf6 4. O-O Nxe4 5. Re1 $5 {Oh, a Carlsen fan!} Nd6
6. Nxe5 Be7 7. Bf1 {#} Nxe5 ({Anand tried} 7... Nf5 {against Carlsen, but this
time went for a more peaceful line.}) 8. Rxe5 O-O 9. Nc3 (9. d4 {is the other
move, known as just equal. But who knows what Carlsen's ideas were two days
ago?}) 9... Ne8 $5 (9... Bf6 {is also possible, of course.}) 10. Nd5 Bd6 11.
Re1 c6 12. Ne3 Bc7 13. c4 $146 {#A drawing novelty to my eyes, though the idea
itself is quite interesting.} (13. Nf5 d5 $11 {has been played several times.})
13... Nf6 14. b3 d5 15. cxd5 cxd5 16. Qf3 Be6 17. Ba3 Re8 18. Bb5 Bd7 19. Bxd7
Qxd7 20. Bb2 Be5 21. Bxe5 Rxe5 {#Now Black equalized, and Anand played the
rest of the game quite fast.} 22. Nc2 Rae8 23. Rxe5 Rxe5 24. Qc3 Re8 25. Qd4 b6
26. f3 Rd8 27. Ne3 Ne8 28. f4 (28. Rc1 Nc7 29. Nf5 Qxf5 30. Rxc7 h6 {would
just be equal, for instance:} 31. Rxa7 Qb1+ 32. Kf2 Re8 $1 {with clearly
enough counterplay to draw.}) 28... Nc7 29. f5 Ne8 30. Re1 Nf6 31. Ng4 Nxg4 32.
Qxg4 h6 33. Qf4 Re8 34. Rxe8+ Qxe8 35. Kf2 f6 36. g4 Qc6 37. Qe3 Kh7 38. a4 Qd6
39. Kg2 a5 40. Qe8 Qb4 41. Qg6+ Kg8 42. Qe8+ {#} 1/2-1/2

[Event "Pearl Spring Chess Tournament"]
[Site "Nanjing/China"]
[Date "2010.10.29"]
[Round "9"]
[White "Topalov, Veselin"]
[Black "Carlsen, Magnus"]
[Result "0-1"]
[ECO "E00"]
[WhiteElo "2803"]
[BlackElo "2826"]
[Annotator "Romain Edouard"]
[PlyCount "66"]
[EventDate "2010.??.??"]
[TimeControl "40/7200:20/3600:900+30"]

1. d4 Nf6 2. c4 e6 3. g3 Bb4+ 4. Bd2 Bxd2+ 5. Qxd2 d5 6. Bg2 c6 7. Nf3 Nbd7 8.
O-O b6 9. Rc1 O-O 10. b4 $5 {#} (10. cxd5 cxd5 11. Nc3 Ba6 12. a4 Rc8 13. Nb5
Ne4 14. Qf4 Qe7 15. Rc7 Bxb5 16. axb5 Nd6 17. Qc1 Rxc7 18. Qxc7 Rc8 19. Qxa7
Qd8 20. Qa4 h6 21. Qb4 Qf8 22. b3 Ne4 23. Qxf8+ Kxf8 24. Ne5 Nxe5 25. Bxe4 dxe4
26. dxe5 Rc5 27. Ra8+ Ke7 28. Ra7+ Kf8 {1/2-1/2 Wang,Y (2732)-Carlsen,M (2826)/
Nanjing/China 2010}) 10... Bb7 11. Qb2 Rb8 $146 12. Nbd2 Qe7 13. e3 Rfc8 14.
Rc2 c5 15. bxc5 bxc5 16. Qa3 Rc6 17. Rac1 Ra6 18. Qd3 h6 19. Qe2 dxc4 20. Qxc4
cxd4 (20... Rc8 $5 {might be a better try to equalize.}) 21. Nxd4 Rb6 22. Bxb7
R8xb7 {#Things have been going fine for Topalov who enjoys a small plus, but
the situation will soon change!} 23. Kg2 (23. Qf1 $5 {is given as best by
several engines. A sample line is} Rb2 24. Rc8+ Kh7 $2 25. Qd3+ (25. Nc4 Rxa2
26. Rb1 $1 $18) 25... g6 26. Nc6 $18) (23. N2b3 $5 {would also be quite
logical.}) 23... Ne5 24. Qc5 $2 {The real mistake, although White's advantage
would more or less have disappeared with 23.Kg2. It is clear that Topalov is
out of form and is playing much below his real level.} Qxc5 25. Rxc5 Rb2 {#Now
Black is better.} 26. R1c2 Nd3 $1 27. Rc8+ Kh7 28. N4f3 {#} a5 {This pawn is
supposed to bring the victory later, so it's quite logical to push it! Still,
this doesn't look like a real winning plan, especially considering Black had a
much stronger possibility right now.} (28... Ng4 $1 29. Nb3 Rxc2 (29... Rb8 $5
{is a funny possibility, probably about equivalent to 29...Rxc2, but I quote
it simply because I love this move!}) 30. Rxc2 Rb4 $5 31. h3 Ngxf2 32. Rxf2
Nxf2 33. Kxf2 Ra4 {is another idea - more direct let's say. This should be
winning for Black. Very often, two knights "alone" are a bad sign for the
endgame.}) 29. h3 a4 30. a3 g5 31. Rxb2 $6 ({After} 31. g4 {I feel Black
should be slightly better, but all engines insist on a 0.00 evaluation. After
playing a match against Rybka and not winning a single game (no, I'm joking, I
didn't actually play one but just guessed what the result would have been), I
believe White should be able to draw...}) 31... Rxb2 32. Rc3 $4 {#Woah! A
hallucination, I guess.} Nxf2 33. Rc7 (33. Kxf2 Ne4+ $19) 33... N2e4 0-1